 Dungeon Crawl Stone Soup version 0.30.1-3-gfc49f6343a (webtiles) character file.

Game seed: 1995075962331402801

1746 Jerry the Covered (level 8, 0/74 HPs)
             Began as an Armataur Fighter on Aug 8, 2023.
             Slain by Menkaure (8 damage)
             ... on level 4 of the Dungeon.
             The game lasted 00:20:56 (6060 turns).

Jerry the Covered (Armataur Fighter)                Turns: 6060, Time: 00:20:56

Health: 0/74       AC: 11    Str: 21    XL:     8   Next: 77%
Magic:  8/8        EV:  8    Int:  9    God:
Gold:   471        SH:  5    Dex: 14    Spells: 7/7 levels left

rFire   . . .        a - +1 flail
rCold   . . .        c - +0 buckler
rNeg    . . .        b - +0 scale mail
rPois   .            r - +1 helmet
rElec   .            p - +0 cloak
rCorr   .            (no gloves)
SInv    .            (no barding)
Will    .....        (no amulet) Stlth
                     (no ring)
HPRegen 0.32/turn    (no ring)
MPRegen 0.11/turn

%: clarity, roll
@: no status effects
A: large, rugged brown scales 3, deformed body, armoured tail, roll, long
tongue, awkward tongue, agile 1, clarity, evolution 1, MP-powered wands
a: no special abilities


You were on level 4 of the Dungeon.
You visited 1 branch of the dungeon, and saw 8 of its levels.

You collected 471 gold pieces.

Inventory:

Hand Weapons
 a - a +1 flail (weapon)
 d - a +1 trident of venom
 o - a +0 morningstar
Armour
 b - a +0 scale mail (worn)
 c - a +0 buckler (worn)
 p - a +0 cloak (worn)
 r - a +1 helmet (worn)
Jewellery
 u - a ring of willpower
 A - a ring of wizardry
 B - a +5 ring of evasion
Wands
 g - a wand of polymorph (14)
 v - a wand of paralysis (4)
 C - a wand of iceblast (8)
Scrolls
 h - 4 scrolls of enchant weapon
 i - a scroll of silence
 j - 3 scrolls of enchant armour
 k - a scroll of immolation {unknown}
 m - 2 scrolls of blinking
 q - 2 scrolls of fear
 t - 2 scrolls of teleportation {unknown}
 x - a scroll of acquirement {unknown}
 y - 2 scrolls of identify
Potions
 e - 8 potions of curing
 f - 2 potions of ambrosia
 l - a potion of cancellation
 n - 2 potions of flight
 s - a potion of mutation
 w - a potion of brilliance {unknown}
 z - a potion of resistance {unknown}


   Skills:
 + Level 5.8 Fighting
 + Level 5.4 Maces & Flails
 + Level 7.7 Armour
 + Level 2.0 Dodging
 - Level 6.1 Shields


You had 7 spell levels left.
You didn't know any spells.
Your spell library contained the following spells:

 Spells                   Type           Power      Damage    Failure   Level
 Foxfire                  Conj/Fire      0%         2x1d4     75%         1
 Freeze                   Ice            0%         1d3       75%         1
 Frozen Ramparts          Ice            0%         1d1       98%         3
 Gell's Gravitas          Tloc           0%         N/A       98%         3
 Hailstorm                Conj/Ice       0%         3d3       98%         3
 Teleport Other           Tloc           0%         N/A       98%         3
 Flame Wave               Conj/Fire      0%         2d4       100%        4
 Fireball                 Conj/Fire      0%         3d3       100%        5
 Dispersal                Tloc           0%         N/A       100%        6
 Plasma Beam              Fire/Air       0%         2x1d11    100%        6
 Starburst                Conj/Fire      0%         6d3       100%        6


Dungeon Overview and Level Annotations

Branches:
Dungeon (8/15)
 Temple: D:4-7         Lair: D:8-11

Altars:
Ru

Shops:
D:2 [

Annotations:
D:4 Menkaure


Innate Abilities, Weirdness & Mutations

You are completely covered in rugged brown scales. (AC +3, +7% HP)
Armour fits poorly on your strangely shaped body.
You have a long armoured tail.
You roll when moving toward enemies. (Rampage)
Your long tongue fully drains potion bottles. (2x potion effects)
Your tongue gives you trouble enunciating. (1.5x scroll delay)
You are agile. (Dex +4, Str/Int -1)
You possess an exceptional clarity of mind.
You have hidden genetic potential.
You expend magic power (3 MP) to strengthen your wands.


Message History

You kill the hound!
Your Dodging skill increases to level 2!
No target in view!
HP restored.
You now have 471 gold pieces (gained 15).
You open the door.
There is an open door here.
B - a +5 ring of evasion No target in view!
No target in view!
C - a wand of iceblast (8) Menkaure shouts!
Menkaure mumbles some strange words.
Menkaure seems to speed up.
Found a hand axe.
Menkaure hits you but does no damage.
You hit Menkaure.
Menkaure is moderately damaged.
Menkaure hits you!
You closely miss Menkaure. You tail-slap Menkaure.
Menkaure is heavily damaged.
Menkaure hits you! x2
You are too injured to fight recklessly!
You are too injured to fight recklessly!
You are too injured to fight recklessly!
You barely miss Menkaure.
Your tail-slap misses Menkaure.
Menkaure is heavily damaged.
Menkaure hits you.
You hit Menkaure.
Menkaure is heavily damaged.
Menkaure hits you!
* * * LOW HITPOINT WARNING * * *
Menkaure calls on the powers of darkness!
Your body is wracked with pain!
* * * LOW HITPOINT WARNING * * *
Okay, then.
You hit Menkaure.
Menkaure is severely damaged.
Menkaure hits you!
You die...

###### #....# #.##.#
#.##.# #######.##.#
.)....M..#.#
#@...#######
#...........
#....######.
#####....# .#
#........# #.####
#....>...# #.#...
#........######.#.#.##
#.#.............#.#.#
#.#....#.....####.#.##


You could see Menkaure (fast).

Vanquished Creatures
  A two-headed ogre (D:8)
  A wyvern (D:8)
  A centaur (D:5)
  An ogre (D:5)
  A gnoll sergeant (D:8)
  2 scorpions (D:5)
  A jelly (D:5)
  A gnoll bouda (D:7)
  5 orc priests
  2 hounds (D:4)
  Terence (D:3)
  An iguana (D:5)
  4 orc wizards
  8 adders
  12 gnolls
  2 white imps
  2 worms
  2 dart slugs
  25 orcs
  7 ball pythons
  6 endoplasms
  4 giant cockroaches (D:1)
  2 goblins (D:3)
  6 hobgoblins
  5 jackals
  6 kobolds
  3 bats
  7 frilled lizards
  6 rats
125 creatures vanquished.

Vanquished Creatures (others)
  An orc (D:8)
1 creature vanquished.

Grand Total: 126 creatures vanquished

Notes
Turn   | Place    | Note
-------+----------+-------------------------------------------
     0 | D:1      | Jerry the Armataur Fighter began the quest for the Orb.
     0 | D:1      | Reached XP level 1. HP: 19/19 MP: 1/1
   217 | D:1      | Reached XP level 2. HP: 24/26 MP: 2/2
   665 | D:1      | Reached skill level 4 in Armour
   822 | D:2      | Reached XP level 3. HP: 33/33 MP: 3/3
   948 | D:2      | Found a transporter.
   948 | D:2      | Found Puew Kyak's Armour Shoppe.
  1321 | D:2      | Reached XP level 4. HP: 20/40 MP: 4/4
  1714 | D:2      | Found a transporter.
  2085 | D:3      | Noticed Terence
  2097 | D:3      | Killed Terence
  2229 | D:3      | Got the Vellum of the Translocational Summer
  2426 | D:3      | Reached XP level 5. HP: 34/48 MP: 5/5
  2777 | D:3      | Found a faded altar of an unknown god.
  3127 | D:4      | Noticed Menkaure
  3133 | D:5      | Entered Level 5 of the Dungeon
  3376 | D:5      | Reached skill level 5 in Armour
  3402 | D:5      | You fall into a shaft and drop 3 floors!
  3402 | D:8      | Found a sacrificial altar of Ru.
  3577 | D:8      | Reached XP level 6. HP: 15/55 MP: 6/6
  3721 | D:8      | Gained mutation: You have hidden genetic potential. [potion
                  | of mutation]
  3721 | D:8      | Gained mutation: You are agile. (Dex +4, Str/Int -1)
                  | [potion of mutation]
  3721 | D:8      | Gained mutation: You possess an exceptional clarity of
                  | mind. [potion of mutation]
  3771 | D:8      | Noticed a wyvern
  3776 | D:8      | Killed a wyvern
  3777 | D:8      | Reached skill level 5 in Shields
  3875 | D:8      | Reached XP level 7. HP: 40/63 MP: 7/7
  4039 | D:8      | Noticed a two-headed ogre
  4057 | D:8      | Killed a two-headed ogre
  4058 | D:8      | Reached skill level 5 in Fighting
  4058 | D:8      | Reached skill level 6 in Armour
  4058 | D:8      | Reached XP level 8. HP: 54/72 MP: 8/8
  4061 | D:8      | Gained mutation: You expend magic power (3 MP) to
                  | strengthen your wands. [hidden potential]
  4588 | D:7      | Reached skill level 7 in Armour
  4774 | D:7      | Reached skill level 1 in Dodging
  5071 | D:5      | Reached skill level 5 in Maces & Flails
  6060 | D:4      | Slain by Menkaure

Illustrated notes

Levels and vault maps discovered:
D:1:      nzn_arrival_settlement, layout_loops_ring, kennysheep_pointless_box
D:2:      kennysheep_six_static_rooms, layout_basic, serial_shops,
          nicolae_shop_drivethru, roderic_serpentine_path
D:3:      layout_basic, dilly_ecumenical_altar_fadedgnrine, uniq_terence
D:4:      layout_basic, minmay_misc_feat_four_crosses, uniq_menkaure
D:5:      layout_cave_pools, serial_co_window_serial, co_window_corner_a,
          co_window_corner_a, co_window_of_opportunity_a, co_window_paths_b,
          co_window_paths_b, co_window_corner_b, co_window_corner_b,
          co_window_corner_b, co_window_2corner, co_window_of_opportunity_b,
          co_window_paths_d, co_window_sun, glass_columns_a, glass_columns_b
D:6:      layout_gridville, temple_green, serial_co_window_serial,
          co_window_corner_a, co_window_paths_a, co_window_of_opportunity_a,
          co_window_corner_a, co_window_corner_a, co_window_paths_a,
          co_window_paths_c, co_window_corner_cb, co_window_unsneaky_path_e,
          co_window_corner_b, co_window_of_opportunity_c,
          co_window_of_opportunity_b, uniq_duvessa
D:7:      layout_basic
D:8:      layout_loops_ring, nicolae_ru_sacrificial_ziggurat, minmay_orc_keep

Skill      XL: |  1  2  3  4  5  6  7  8 |
---------------+-------------------------+-----
Maces & Flails | 2 3 4 5 |  5.4
Fighting       | 3 4 5 |  5.8
Armour         | 4 5 6 7 |  7.7
Shields        | 4 5 6 |  6.1
Dodging        | 2 |  2.0

Action                     |  1- 3 |  4- 6 |  7- 9 || total
---------------------------+-------+-------+-------++-------
  Melee: Flail             |    84 |   157 |   161 ||   402
         Tailslap          |     6 |    18 |    28 ||    52
         Trident           |       |    21 |    26 ||    47
    Use: Scroll            |     3 |    11 |     1 ||    15
         Potion            |       |     3 |     2 ||     5
   Stab: Invisible         |       |       |     3 ||     3
 Armour: Scale mail        |    52 |   101 |    94 ||   247
  Dodge: Dodged            |    31 |    50 |    62 ||   143
  Block: Buckler           |    14 |    38 |    38 ||    90
